 Dungeon Crawl Stone Soup version 0.24.1-14-gf8d2b509d9 (console) character file.

Game seed: 6926993838708261781, levelgen mode: deterministic

3389 Kagalorn the Cleaver (level 9, -10/83 HPs)
             Began as a Minotaur Wanderer on July 22, 2021.
             Was a Believer of the Shining One.
             Splashed by Psyche's acid (15 damage)
             ... on level 8 of the Dungeon.
             The game lasted 00:13:16 (7428 turns).

Kagalorn the Cleaver (Minotaur Wanderer)            Turns: 7428, Time: 00:13:17

Health: -10/83     AC:  5    Str: 22    XL:     9   Next: 74%
Magic:  12/12      EV:  8    Int:  6    God:    the Shining One [**....]
Gold:   332        SH:  0    Dex: 11    Spells: 8/8 levels left

rFire    . . .     SeeInvis .   a - +0 war axe
rCold    + . .     Gourm    .   (no shield)
rNeg     + . .     Faith    .   F - +1 plate armour
rPois    .         Spirit   .   (helmet restricted)
rElec    .         Reflect  .   (no cloak)
rCorr    .         Harm     .   (no gloves)
MR       .....                  (no boots)
Stlth    ..........             (no amulet)
HPRegen  0.23/turn              n - ring of flight
MPRegen  0.13/turn              l - ring of protection from cold

@: corroded, glowing, lightly drained
A: retaliatory headbutt, horns 2
a: Divine Shield, Renounce Religion, Evoke Flight


You were on level 8 of the Dungeon.
You worshipped the Shining One.
The Shining One was pleased with you.
You were not hungry.

You visited 2 branches of the dungeon, and saw 9 of its levels.

You collected 332 gold pieces.

Inventory:

Hand Weapons
 a - a +0 war axe (weapon)
 b - a +2 shortbow
 v - a +0 morningstar
 G - a +2 flail
Missiles
 c - 125 arrows
 e - 47 sling bullets
 k - 40 bolts
 p - 231 stones (quivered)
 u - a throwing net
 x - 6 boomerangs
Armour
 F - a +1 plate armour (worn)
Jewellery
 l - a ring of protection from cold (right hand)
 n - a ring of flight (left hand)
 J - a +3 ring of evasion {unknown}
Wands
 E - a wand of acid (7)
 H - a wand of polymorph (4)
Scrolls
 g - 6 scrolls of remove curse {unknown}
 h - 8 scrolls of teleportation {unknown}
 j - 2 scrolls of magic mapping {unknown}
 o - a scroll of amnesia {unknown}
 r - a scroll of blinking {unknown}
 y - a scroll of silence {unknown}
 A - 3 scrolls of immolation {unknown}
 C - a scroll of noise {unknown}
 D - 3 scrolls of enchant armour
Potions
 d - a potion of brilliance {unknown}
 i - a potion of mutation {unknown}
 m - 2 potions of agility
 q - a potion of might
 s - a potion of lignification {unknown}
 t - 4 potions of heal wounds
 w - a potion of flight
 z - 2 potions of resistance
 B - 2 potions of curing
Comestibles
 f - 4 rations
 I - 2 chunks of flesh


   Skills:
 + Level 9.0(8.7) Fighting
 * Level 9.2(8.9) Axes
 - Level 3.2(3.0) Bows
 + Level 6.4(6.1) Armour
 + Level 5.9(5.6) Dodging
 - Level 1.0(0.7) Stealth
 * Level 6.1(5.8) Invocations
 - Level 1.0(0.7) Evocations


You had 8 spell levels left.
You didn't know any spells.
Your spell library contained the following spells:

 Spells                   Type           Power        Failure   Level  Hunger
 Corona                   Hex            #......      100%        1    ##.....
 Ensorcelled Hibernation  Hex/Ice        #.....       100%        2    ###....
 Confuse                  Hex            #.......     100%        3    ####...
 Dazzling Spray           Conj/Hex       #.....       100%        3    ####...
 Tukima's Dance           Hex            #.......     100%        3    ####...


Dungeon Overview and Level Annotations

Branches:
Dungeon (8/15)             Temple (1/1) D:5
   Lair: D:8-11

Altars:
Ashenzari
Cheibriados
Dithmenos
Elyvilon
Fedhas
Gozag
Hepliaklqana
Kikubaaqudgha
Makhleb
Nemelex Xobeh
Okawaru
Qazlal
Sif Muna
Trog
Uskayaw
Vehumet
Wu Jian
Xom
Yredelemnul
Zin
The Shining One

Annotations:
D:2 Sigmund
D:8 Psyche


Innate Abilities, Weirdness & Mutations

You reflexively headbutt those who attack you in melee.
You have a pair of horns on your head.


Message History

Psyche the Insane Magess comes into view.
She is wielding a +3 dagger of distortion and carrying a wand of acid (11).
Psyche shouts!
The ice beast closely misses you.
A crimson imp comes into view.
Psyche says, "I'll kill you and take you home."
Psyche mumbles some strange words.
Psyche seems to speed up.
Psyche casts a spell.
Psyche flickers and vanishes!
Deactivating autopickup; reactivate with Ctrl-A.
Psyche zaps a wand.
The bolt of acid hits you! The acid corrodes you!
You are splashed with acid!
Psyche zaps a wand.
The bolt of acid hits you! The acid corrodes you!
You are splashed with acid!!
There is a stone staircase leading up here.
Psyche gestures at you while chanting. The puff of flame hits you!
Psyche zaps a wand.
The bolt of acid hits you!!
* * * LOW HITPOINT WARNING * * *
You are splashed with acid!
You die...

#.. ...###..# #..##....#...
#............ #............
#............ #............ #
#......##.#..# .##
#########....#..#.#..## ...#
.............#.@#.#...#####...#
############.##.......#.#......
#...##@###.......... ##..#..#
#......# ##....####...##...
###..##......5.#
#...##..#......5...
#.....#>#.....#.#..
#.........##..## #


You could see Psyche (invisible).

Vanquished Creatures
  Pikel (D:5)
  Grinder (D:4)
  2 hippogriffs (D:7)
  3 orc warriors
  A sky beast (D:6)
  2 phantoms (D:5)
  2 ogres
  2 centaurs (D:5)
  2 bullfrogs (D:5)
  4 scorpions
  A howler monkey (D:7)
  8 wights
  A crimson imp (D:7)
  A centaur zombie (D:7)
  4 orc priests
  3 hounds
  6 orc wizards
  2 iguanas (D:5)
  3 worker ants
  A killer bee zombie (D:6)
  2 worker ant zombies (D:7)
  8 adders
  A shadow imp (D:7)
  4 oozes
  2 adder skeletons (D:4)
  A worm (D:5)
  A dart slug (D:1)
  7 leopard geckos
  32 orcs
  7 bats
  2 giant cockroaches
  5 goblins
  8 hobgoblins
  11 jackals
  2 quokkas (D:5)
  A ball python skeleton (D:5)
  7 frilled lizards
  A jackal zombie (D:7)
  6 kobolds
  7 rats
165 creatures vanquished.

Notes
Turn   | Place    | Note
-------+----------+-------------------------------------------
     0 | D:1      | Kagalorn the Minotaur Wanderer began the quest for the Orb.
     0 | D:1      | Kagalorn set off with the following items: a +2 shortbow,
                  | 23 arrows, a +0 hand axe, a wand of random effects (15), a
                  | +0 robe, a ration
     0 | D:1      | Reached XP level 1. HP: 24/24 MP: 0/0
    56 | D:1      | Reached skill level 1 in Axes
    59 | D:1      | Reached XP level 2. HP: 23/30 MP: 1/1
   262 | D:1      | Reached skill level 1 in Armour
   296 | D:1      | Reached skill level 1 in Dodging
   382 | D:1      | Reached XP level 3. HP: 31/37 MP: 2/2
   818 | D:2      | Found a snail-covered altar of Cheibriados.
   864 | D:2      | Found an iron altar of Okawaru.
   880 | D:2      | Noticed Sigmund
  1227 | D:3      | Reached XP level 4. HP: 41/45 MP: 3/3
  1506 | D:3      | Found a blossoming altar of Fedhas.
  1707 | D:3      | Found a basalt altar of Yredelemnul.
  1928 | D:4      | Reached XP level 5. HP: 50/51 MP: 4/4
  2387 | D:4      | Noticed Grinder
  2400 | D:4      | Paralysed by Grinder for 7 turns
  2409 | D:4      | Paralysed by Grinder for 7 turns
  2426 | D:4      | Killed Grinder
  2426 | D:4      | Reached skill level 5 in Axes
  2426 | D:4      | Reached XP level 6. HP: 12/60 MP: 5/5
  2696 | D:4      | Reached XP level 7. HP: 39/66 MP: 6/6
  2892 | D:5      | Entered Level 5 of the Dungeon
  2898 | D:5      | Found a staircase to the Ecumenical Temple.
  2936 | Temple   | Entered the Ecumenical Temple
  3144 | Temple   | Became a worshipper of the Shining One
  3186 | D:5      | Reached skill level 1 in Invocations
  3659 | D:5      | Found an opulent altar of Gozag.
  4214 | D:5      | Reached XP level 8. HP: 56/74 MP: 7/9
  4346 | D:5      | Noticed Pikel
  4371 | D:5      | Killed Pikel
  4371 | D:5      | Reached skill level 5 in Armour
  4564 | D:6      | Found a shimmering altar of Xom.
  4625 | D:6      | Reached * piety under the Shining One
  4717 | D:6      | Reached skill level 5 in Dodging
  4978 | D:6      | Reached XP level 9. HP: 52/82 MP: 11/11
  5159 | D:6      | Found an ancient bone altar of Kikubaaqudgha.
  5810 | D:6      | Found a hide-covered altar of Uskayaw.
  5966 | D:6      | Found a bloodstained altar of Trog.
  6019 | D:7      | Reached skill level 5 in Invocations
  6743 | D:6      | Reached ** piety under the Shining One
  7413 | D:8      | Noticed Psyche
  7428 | D:8      | Splashed by Psyche's acid

Levels and vault maps discovered:
D:1:      ncdulo_watergridlock, layout_loops_ring
D:2:      layout_rooms, lemuel_round_altar, cheibriados_altar_1,
          uniq_crazy_yiuf_cottage, uniq_sigmund
D:3:      layout_loops_ring, yredelemnul_altar_generic, fedhas_altar_3,
          first_ration
D:4:      layout_basic, uniq_grinder
D:5:      layout_basic, grunt_gozag_breadcrumbs,
          minmay_temple_entry_drinking_statues, uniq_pikel
D:6:      layout_basic, kennysheep_little_box, kennysheep_mini,
          nicolae_overflow_hidden_temple, minivault_25
D:7:      layout_loops_ring
D:8:      layout_cave_pools, nicolae_ru_great_annihilating_truth, serial_shops,
          nicolae_shop_statue_plus, hangedman_ranch [blue_anna_fruit_fields],
          okawaru_gym_becter, uniq_psyche, uniq_gastronok, uniq_maurice
Temple:   hc_temple_tempest_star

Skill      XL: |  1  2  3  4  5  6  7  8  9 |
---------------+----------------------------+-----
Axes           | 1 2 3 5 6 8 9 |  9.2
Armour         | 1 2 3 4 5 6 |  6.4
Dodging        | 1 2 3 4 5 |  5.9
Fighting       | 7 8 9 |  9.0
Invocations    | 2 4 6 |  6.1
Bows           | |  3.2
Stealth        | |  1.0
Evocations     | |  1.0

Action                   |  1- 3 |  4- 6 |  7- 9 || total
-------------------------+-------+-------+-------++-------
Melee: Hand axe          |    92 |   118 |   121 ||   331
       Headbutt          |     9 |    20 |    52 ||    81
       War axe           |       |       |   156 ||   156
 Fire: Shortbow          |       |     5 |    13 ||    18
  Use: Scroll            |       |       |     9 ||     9
 Stab: Sleeping          |     1 |       |       ||     1
  Eat: Chunk             |     1 |     3 |     7 ||    11
       Ration            |       |       |     3 ||     3
Armor: Robe              |     6 |       |       ||     6
       Scale mail        |    19 |    15 |       ||    34
       Chain mail        |       |    43 |    99 ||   142
       Plate armour      |       |       |    65 ||    65
Dodge: Dodged            |    70 |    55 |   143 ||   268
